[Event "Titled Tuesday Blitz May 4 2021"]
[White "Coelho, Ramyres Santana"]
[Black "Hartikainen, Jarmo"]
[WhiteFideId "2120690"]
[BlackFideId "503134"]
[WhiteElo "1888"]
[BlackElo "2072"]
[Result "0-1"]
[Round "07"]
[TimeControl "180+1"]
[Date "2021.05.04"]
[WhiteClock "0:00:44"]
[BlackClock "0:00:20"]

1. e4 c5 2. Nf3 Nc6 3. d4 cxd4 4. c3 d5 5. e5 Bg4 6. cxd4 Bxf3 7. gxf3 e6 8. Nc3 a6 9. Be3 Nge7 10. Bd3 Qb6 11. Qb3 Qxb3 12. axb3 Ng6 13. Nb5 Rc8 14. Nd6+ Bxd6 15. exd6 Kd7 16. O-O Kxd6 17. Rfc1 Nb4 18. Rxc8 Rxc8 19. Bxg6 hxg6 20. Bf4+ Kd7 21. Rc1 Rxc1+ 22. Bxc1 Nd3 23. Bd2 Kc6 24. Kf1 Kb5 25. Ke2 Nb4 26. h4 Nc6 27. Kd3 f6 28. Bc3 Nb4+ 29. Ke3 Nc2+ 30. Kf4 Na1 31. Kg4 Nxb3 32. h5 gxh5+ 33. Kxh5 Kc4 34. Kg6 Nxd4 35. Kxg7 Nxf3 36. Kxf6 d4 37. Ba5 Kd5 38. Ke7 d3 39. Kd7 d2 40. Bxd2 Nxd2 41. Kc7 b5 42. Kb6 b4 43. Kxa6 Nc4 44. Kb5 Nxb2 45. Kxb4 Nd3+ 46. Kc3 Nxf2 47. Kd2 Ke4 48. Ke2 Ng4 49. Kd2 e5 50. Ke2 Kf4 51. Kd3 Kf3 52. Kd2 e4 53. Ke1 e3 54. Kf1 Nh2+ 55. Ke1 e2 56. Kd2 Kf2 57. Kc2 e1=Q 58. Kb2 Qe4 59. Kc1 Qe2 60. Kb1 Nf3 61. Kc1 Ne5 62. Kb1 Nc4 63. Ka1 Qb2# 0-1


[Site "https://www.chess.com"]

[Event "Titled Tuesday Blitz May 4 2021"]
[White "Csonka, Balazs"]
[Black "Sieciechowicz, Marcin"]
[WhiteFideId "742910"]
[BlackFideId "1130170"]
[WhiteElo "2404"]
[BlackElo "2288"]
[Result "1-0"]
[Round "07"]
[TimeControl "180+1"]
[Date "2021.05.04"]
[WhiteClock "0:00:06"]
[BlackClock "0:00:08"]

1. d4 Nf6 2. Bf4 g6 3. Nc3 d5 4. e3 Bg7 5. h4 h5 6. Nf3 O-O 7. Ne5 b6 8. f3 c5 9. g4 hxg4 10. fxg4 Nbd7 11. Nc6 Qe8 12. Nb5 Nb8 13. Nxb8 Bxg4 14. Be2 Bxe2 15. Qxe2 Rxb8 16. h5 Nxh5 17. Rxh5 gxh5 18. O-O-O f5 19. Rg1 Rf6 20. Qg2 Rf7 21. Be5 Qf8 22. Nc7 Rf6 23. Bxf6 Qxf6 24. Nxd5 Qf7 25. Nf4 Kh7 26. Rh1 Bh6 27. Rxh5 Rg8 28. Qh3 Qf6 29. Rxf5 Rg1+ 30. Kd2 Qg7 31. c3 cxd4 32. cxd4 Rg3 33. Qh5 Rg5 34. Rxg5 Qxg5 35. Qxg5 Bxg5 36. Kd3 Kg7 37. Ne6+ Kf6 38. Nxg5 Kxg5 39. Ke4 Kf6 40. Kd5 Kf5 41. b4 Kg4 42. Ke6 1-0


[Site "https://www.chess.com"]

[Event "Titled Tuesday Blitz May 4 2021"]
[White "Daniel, Damian"]
[Black "Schut, Han"]
[WhiteFideId "1183621"]
[BlackFideId "1005561"]
[WhiteElo "2055"]
[BlackElo "2057"]
[Result "1-0"]
[Round "07"]
[TimeControl "180+1"]
[Date "2021.05.04"]
[WhiteClock "0:00:09"]
[BlackClock "0:00:01"]

1. d4 Nf6 2. c4 g6 3. Nc3 d5 4. cxd5 Nxd5 5. e4 Nxc3 6. bxc3 Bg7 7. Nf3 c5 8. Bb5+ Nc6 9. Rb1 a6 10. Bxc6+ bxc6 11. h3 cxd4 12. cxd4 Qa5+ 13. Qd2 Qxd2+ 14. Bxd2 Be6 15. a3 Bc4 16. Rb7 e6 17. Bb4 O-O-O 18. Rxf7 Bxd4 19. Nxd4 Rxd4 20. f3 Rhd8 21. Kf2 e5 22. Rxh7 Rd3 23. Rc1 Bb5 24. Rg7 R8d7 25. Rxg6 Kb7 26. h4 a5 27. Bxa5 Rxa3 28. Bc3 Rd3 29. Bxe5 Ra2+ 30. Kg3 Rdd2 31. Rg7+ Kb6 32. Rg1 Bf1 33. Kh2 Bc4 34. Kg3 Kb5 35. h5 Rd8 36. h6 Bd3 37. h7 Raa8 38. h8=Q Rxh8 39. Rb7+ Ka6 40. Rb3 Bc4 41. Ra1# 1-0


[Site "https://www.chess.com"]

[Event "Titled Tuesday Blitz May 4 2021"]
[White "Deac, Bogdan-Daniel"]
[Black "Iniyan, P"]
[WhiteFideId "1226380"]
[BlackFideId "25002767"]
[WhiteElo "2605"]
[BlackElo "2400"]
[Result "1-0"]
[Round "07"]
[TimeControl "180+1"]
[Date "2021.05.04"]
[WhiteClock "0:00:29"]
[BlackClock "0:00:52"]

1. d4 Nf6 2. c4 g6 3. Nc3 Bg7 4. g3 d6 5. Bg2 O-O 6. Nf3 Nc6 7. O-O a6 8. Ne1 Rb8 9. b3 e5 10. d5 Ne7 11. e4 Ne8 12. Nd3 f5 13. Qc2 Nf6 14. f3 h6 15. Bb2 g5 16. f4 exf4 17. gxf4 Ng4 18. Rae1 Ng6 19. Qd2 gxf4 20. Nxf4 Qh4 21. h3 Nxf4 22. Rxf4 Be5 23. Ref1 Bxf4 24. Rxf4 Bd7 25. Ne2 fxe4 26. Qc3 1-0


[Site "https://www.chess.com"]

[Event "Titled Tuesday Blitz May 4 2021"]
[White "Demin, Vladimir"]
[Black "Bartel, Michal"]
[WhiteFideId "4167457"]
[BlackFideId "1119257"]
[WhiteElo "2486"]
[BlackElo "2271"]
[Result "1-0"]
[Round "07"]
[TimeControl "180+1"]
[Date "2021.05.04"]
[WhiteClock "0:00:13"]
[BlackClock "0:00:10"]

1. e4 e5 2. Nf3 Nc6 3. Bb5 g6 4. d4 exd4 5. c3 dxc3 6. Nxc3 Bg7 7. Bg5 Nce7 8. e5 h6 9. Bd2 Nc6 10. Nd5 Nge7 11. Nf6+ Kf8 12. Qb3 d6 13. O-O-O Be6 14. Bc4 d5 15. Bc3 Rb8 16. Nxd5 Nxd5 17. Bxd5 Bxd5 18. Rxd5 Qe7 19. Rhd1 Qe6 20. Qa3+ Kg8 21. Rd7 Rc8 22. Qb3 Qxb3 23. axb3 Rh7 24. Kc2 Bf8 25. Kd3 g5 26. Ke4 Re8 27. Kf5 Re7 28. h4 gxh4 29. Nxh4 Rg7 30. g4 Rg5+ 31. Kf4 Nxe5 32. Rxe7 Bxe7 33. Bxe5 f6 34. Bxc7 Rb5 35. Nf5 Bf8 36. Rd8 Kf7 37. Bd6 Bg7 38. Rd7+ Ke6 39. Re7+ Kd5 40. Rxg7 Rxb3 41. Bf8 Rxb2 42. Ne3+ Kc6 43. f3 a5 44. Rf7 b5 45. Rxf6+ Kb7 46. Rf7+ Kb6 47. Bg7 Rb1 48. Bd4+ Kc6 49. Rf6+ Kc7 50. Nd5+ Kd7 51. Ke5 b4 52. Rf7+ Kc6 53. Rf6+ Kb5 54. Ne3 b3 55. Kd5 a4 56. Rb6+ Ka5 57. Nc4# 1-0


[Site "https://www.chess.com"]

[Event "Titled Tuesday Blitz May 4 2021"]
[White "Diaz Camallonga, Carles"]
[Black "Gahan, M G"]
[WhiteFideId "22235256"]
[BlackFideId "5027373"]
[WhiteElo "2438"]
[BlackElo "2264"]
[Result "1-0"]
[Round "07"]
[TimeControl "180+1"]
[Date "2021.05.04"]
[WhiteClock "0:01:29"]
[BlackClock "0:01:34"]

1. e4 c5 2. Nf3 d6 3. Bb5+ Bd7 4. Bxd7+ Qxd7 5. c4 Nf6 6. Nc3 e6 7. O-O Be7 8. d4 cxd4 9. Nxd4 Nc6 10. Be3 O-O 11. Qe2 Rfc8 12. Rac1 a6 13. Rfd1 Rab8 14. b3 Nxd4 15. Bxd4 b5 16. e5 dxe5 17. Bxe5 Qb7 18. Bxb8 Rxb8 19. cxb5 axb5 20. Qxb5 Qxb5 21. Nxb5 Nd5 22. Nc3 Nb4 23. a3 Na6 24. b4 Bf6 25. Ne4 Bb2 26. Rc6 1-0


[Site "https://www.chess.com"]

[Event "Titled Tuesday Blitz May 4 2021"]
[White "Diaz Perez, Michel Alejandro"]
[Black "Torkkola, Henri"]
[WhiteFideId "3517179"]
[BlackFideId "507660"]
[WhiteElo "2337"]
[BlackElo "2137"]
[Result "1-0"]
[Round "07"]
[TimeControl "180+1"]
[Date "2021.05.04"]
[WhiteClock "0:01:12"]
[BlackClock "0:00:14"]

1. e4 g6 2. d4 Bg7 3. Nc3 d6 4. f4 a6 5. Nf3 b5 6. Bd3 Nd7 7. e5 Nh6 8. Qe2 O-O 9. a4 b4 10. Ne4 a5 11. h4 d5 12. Neg5 c5 13. c3 c4 14. Bb1 b3 15. h5 f5 16. hxg6 hxg6 17. Ne6 Qb6 18. Nfg5 Re8 19. Qf2 Nf8 20. Nxg7 Ne6 21. N7xe6 Bxe6 22. Rxh6 Kf8 23. Rxg6 1-0


[Site "https://www.chess.com"]

[Event "Titled Tuesday Blitz May 4 2021"]
[White "DieHardCuban"]
[Black "Dogan, Mire Deniz"]
[BlackFideId "6317456"]
[WhiteElo "2390"]
[BlackElo "1850"]
[Result "0-1"]
[Round "07"]
[TimeControl "180+1"]
[Date "2021.05.04"]
[WhiteClock "0:00:09"]
[BlackClock "0:00:15"]

1. d4 d5 2. c4 e6 3. Nc3 Nf6 4. cxd5 exd5 5. Bg5 Be7 6. e3 O-O 7. Bd3 Nbd7 8. Nge2 Re8 9. Qc2 Nf8 10. O-O-O a5 11. Kb1 a4 12. h3 Be6 13. g4 Qd7 14. Nf4 Reb8 15. Nxe6 fxe6 16. Bb5 Qd6 17. Bxa4 Ne4 18. Nxe4 dxe4 19. Bxe7 Qxe7 20. Bb3 Qf6 21. Qxe4 Qxf2 22. Rhf1 Qh4 23. Rf3 Re8 24. Rdf1 c6 25. Qe5 Qh6 26. g5 Qg6+ 27. Bc2 Qh5 28. Qd6 Rad8 29. Qc7 Rd7 30. Rxf8+ Rxf8 31. Rxf8+ Kxf8 32. Qxd7 Qxh3 33. Qd8+ Kf7 34. Qc7+ Ke8 35. Qf4 Qh1+ 0-1


[Site "https://www.chess.com"]

[Event "Titled Tuesday Blitz May 4 2021"]
[White "Dimic, Pavle"]
[Black "Sviridova, Vlada"]
[WhiteFideId "937428"]
[BlackFideId "24109606"]
[WhiteElo "2216"]
[BlackElo "2101"]
[Result "1/2-1/2"]
[Round "07"]
[TimeControl "180+1"]
[Date "2021.05.04"]
[WhiteClock "0:00:34"]
[BlackClock "0:00:06"]

1. d4 d5 2. c4 c6 3. Nc3 Nf6 4. e3 e6 5. Nf3 Nbd7 6. Bd3 dxc4 7. Bxc4 b5 8. Be2 Bd6 9. O-O O-O 10. e4 e5 11. Bg5 h6 12. Bh4 exd4 13. Nxd4 Qc7 14. Bg3 Bxg3 15. hxg3 b4 16. Na4 c5 17. Nf5 Nxe4 18. Bf3 Bb7 19. Qc2 Ndf6 20. Rac1 Qe5 21. g4 g6 22. Ne3 Rac8 23. Nc4 Qf4 24. Qe2 Rfe8 25. g3 Nxg3 26. fxg3 Qd4+ 27. Qf2 Bxf3 28. Qxd4 cxd4 29. Rxf3 Nxg4 30. b3 Ne3 31. Nab2 f5 32. Nd3 a5 33. Nxe3 dxe3 34. Rxc8 Rxc8 35. Rxe3 Rc2 36. Re6 Kf7 37. Ra6 Rxa2 38. Ne5+ Ke8 39. Nxg6 a4 40. bxa4 b3 41. Rb6 b2 42. Nh4 Ra1+ 43. Kg2 b1=Q 44. Rxb1 Rxb1 45. Nxf5 h5 46. Ng7+ Kf7 47. Nxh5 Ra1 48. Nf4 Rxa4 49. Kf3 Kf6 50. Kg4 Rb4 51. Kf3 Rb3+ 52. Kg4 Ra3 53. Nh3 Kg6 54. Nf4+ Kf6 55. Nh5+ Kg6 56. Kh4 Kh7 57. g4 Kg6 58. Nf4+ Kf7 59. Nh3 Ra4 60. Ng5+ Kg6 61. Nf3 Ra3 62. Ne5+ Kf6 63. Nc4 Rc3 64. Nd2 Rd3 65. Ne4+ Kg6 66. Nf2 Rd2 67. Nh3 Rh2 68. Kg3 1/2-1/2


[Site "https://www.chess.com"]

[Event "Titled Tuesday Blitz May 4 2021"]
[White "Djordjevic, Vuk"]
[Black "Kollars, Dmitrij"]
[WhiteFideId "902098"]
[BlackFideId "12909572"]
[WhiteElo "2463"]
[BlackElo "2576"]
[Result "0-1"]
[Round "07"]
[TimeControl "180+1"]
[Date "2021.05.04"]
[WhiteClock "0:00:04"]
[BlackClock "0:00:28"]

1. d4 Nf6 2. Bg5 Ne4 3. Bf4 c5 4. f3 Qa5+ 5. c3 Nf6 6. d5 Qb6 7. Bc1 e6 8. e4 exd5 9. exd5 d6 10. Na3 Be7 11. Nc4 Qd8 12. a4 O-O 13. Bd3 Nxd5 14. Bxh7+ Kxh7 15. Qxd5 Kg8 16. Ne2 Nc6 17. Nf4 Ne5 18. Ne3 Bh4+ 19. g3 Bg5 20. Neg2 Bd7 21. O-O Bc6 22. Qd1 d5 23. Nd3 Nxd3 24. Qxd3 Bf6 25. Nf4 c4 26. Qe2 Re8 27. Qf2 d4 28. Bd2 d3 29. Be3 Qd7 30. a5 Be5 31. Rfe1 g6 32. Ng2 Qd5 33. Nh4 Bf6 34. Bxa7 Rxe1+ 35. Rxe1 Bxh4 36. gxh4 Rxa7 37. Qxa7 Qxf3 38. Qb8+ Kh7 39. Qg3 d2 40. Qxf3 Bxf3 41. Rf1 d1=Q 42. Rxd1 Bxd1 43. Kf2 f5 44. Ke3 Kh6 45. Kd4 0-1


[Site "https://www.chess.com"]

[Event "Titled Tuesday Blitz May 4 2021"]
[White "Donatti, Alvaro"]
[Black "Lonoff, Marc"]
[WhiteFideId "3000303"]
[BlackFideId "2001349"]
[WhiteElo "2138"]
[BlackElo "2185"]
[Result "1-0"]
[Round "07"]
[TimeControl "180+1"]
[Date "2021.05.04"]
[WhiteClock "0:00:51"]
[BlackClock "0:00:12"]

1. e4 e6 2. d4 d5 3. e5 c5 4. c3 Nc6 5. Nf3 Bd7 6. Bd3 cxd4 7. cxd4 Qb6 8. Nc3 Nxd4 9. Nxd4 Qxd4 10. O-O a6 11. Re1 Ne7 12. Bg5 Nc6 13. Qe2 h6 14. Bd2 Be7 15. Rad1 Qb6 16. Qg4 g5 17. Nxd5 exd5 18. e6 fxe6 19. Rxe6 Bxe6 20. Qxe6 Qc7 21. Bg6+ Kd8 22. Bc3 d4 23. Bxd4 Qd6 24. Bb6# 1-0


[Site "https://www.chess.com"]

[Event "Titled Tuesday Blitz May 4 2021"]
[White "Dovbnia, Nikita"]
[Black "Shankovskyi, Andrii"]
[WhiteFideId "54104599"]
[BlackFideId "14121565"]
[WhiteElo "2056"]
[BlackElo "2269"]
[Result "1-0"]
[Round "07"]
[TimeControl "180+1"]
[Date "2021.05.04"]
[WhiteClock "0:02:03"]
[BlackClock "0:00:14"]

1. e4 e6 2. d4 d5 3. Nc3 Bb4 4. e5 c5 5. a3 Bxc3+ 6. bxc3 Ne7 7. Qg4 cxd4 8. cxd4 Qc7 9. Bd2 Nf5 10. Bd3 O-O 11. Nf3 Nc6 12. O-O Qb6 13. Rfb1 Qc7 14. c3 Bd7 15. Ng5 h6 16. Nf3 Rab8 17. Nh4 Nxh4 18. Qxh4 Qd8 19. Qh5 Qe7 20. a4 a6 21. a5 Bc8 22. Bc1 Bd7 23. Ba3 Qg5 24. Qxg5 hxg5 25. Bxf8 Kxf8 26. Rb6 Na7 27. Bxa6 Bc6 28. Rab1 Nc8 29. Rxc6 bxc6 30. Rxb8 c5 31. Bxc8 Ke7 32. a6 cxd4 33. cxd4 Kd8 34. a7 Kc7 35. a8=Q f5 36. Qb7+ Kd8 37. Bxe6# 1-0


[Site "https://www.chess.com"]

[Event "Titled Tuesday Blitz May 4 2021"]
[White "Dudzinski, Pawel"]
[Black "Lewtak, Damian"]
[WhiteFideId "1117890"]
[BlackFideId "1141724"]
[WhiteElo "2193"]
[BlackElo "2291"]
[Result "0-1"]
[Round "07"]
[TimeControl "180+1"]
[Date "2021.05.04"]
[WhiteClock "0:00:17"]
[BlackClock "0:00:18"]

1. e4 c5 2. c4 e5 3. Nc3 d6 4. g3 Nc6 5. Bg2 g6 6. Rb1 Bg7 7. Nge2 h5 8. h3 Nd4 9. Nxd4 exd4 10. Nd5 Ne7 11. d3 Nxd5 12. cxd5 Qa5+ 13. Bd2 Qxa2 14. O-O Qa6 15. b4 O-O 16. bxc5 dxc5 17. Qb3 Rb8 18. Bf4 Ra8 19. Ra1 Qf6 20. e5 Qf5 21. d6 Bxe5 22. Be4 Qf6 23. Bxe5 Qxe5 24. Bxg6 Be6 25. Qxb7 fxg6 26. Rxa7 Rxa7 27. Qxa7 Qxd6 28. Re1 Bd7 29. h4 Kg7 30. f4 Rf7 31. Re5 Bf5 32. Qxc5 Qxc5 33. Rxc5 Rd7 34. Rd5 Rxd5 0-1


[Site "https://www.chess.com"]

[Event "Titled Tuesday Blitz May 4 2021"]
[White "Eggleston, Thomas A"]
[Black "Batchimeg, Tuvshintugs"]
[WhiteFideId "412139"]
[BlackFideId "4900839"]
[WhiteElo "2174"]
[BlackElo "2295"]
[Result "1-0"]
[Round "07"]
[TimeControl "180+1"]
[Date "2021.05.04"]
[WhiteClock "0:00:46"]
[BlackClock "0:00:23"]

1. e4 e6 2. d4 d5 3. e5 c5 4. c3 Nc6 5. Nf3 f6 6. Bd3 fxe5 7. Nxe5 Nxe5 8. dxe5 g6 9. h4 Bg7 10. h5 Bxe5 11. hxg6 hxg6 12. Bxg6+ Kd7 13. Rxh8 Bxh8 14. Qh5 Ne7 15. Bc2 Nc6 16. Bf4 Qf6 17. g3 b6 18. Nd2 Ba6 19. O-O-O Bg7 20. Bg5 Qxf2 21. Ne4 Qf7 22. Qxf7+ 1-0


[Site "https://www.chess.com"]

[Event "Titled Tuesday Blitz May 4 2021"]
[White "Elissalt Cardenas, Hector"]
[Black "Wisniowski, Natalie"]
[WhiteFideId "3500632"]
[BlackFideId "30929261"]
[WhiteElo "2212"]
[BlackElo "1702"]
[Result "1-0"]
[Round "07"]
[TimeControl "180+1"]
[Date "2021.05.04"]
[WhiteClock "0:01:07"]
[BlackClock "0:01:01"]

1. d4 d5 2. c4 c6 3. cxd5 cxd5 4. Bf4 Nf6 5. e3 Nc6 6. Bd3 e6 7. Nc3 Bd6 8. Bxd6 Qxd6 9. f4 O-O 10. Nf3 b6 11. Ne5 Bb7 12. O-O Rac8 13. Rc1 Nb4 14. Bb1 Ba6 15. Rf2 Rfd8 16. a3 Nc6 17. Qa4 Bb7 18. Nb5 Qb8 19. Rfc2 Nxe5 20. fxe5 Rxc2 21. Bxc2 Ne4 22. Bxe4 dxe4 23. Qxa7 Qxa7 24. Nxa7 f5 25. Rc7 Bd5 26. Rc8 Rxc8 27. Nxc8 b5 28. Ne7+ Kf7 29. Nxd5 exd5 30. b3 Ke6 31. a4 bxa4 32. bxa4 g5 33. g3 h5 34. a5 f4 35. gxf4 gxf4 36. exf4 e3 37. Kf1 Kf5 38. Ke2 Ke4 39. e6 Kxd4 40. e7 Kc4 41. e8=Q d4 42. Qe4 Kc3 43. Qd3+ Kb2 44. Qxd4+ Kc2 45. Qxe3 h4 46. Qc5+ Kb2 47. Kd2 Ka2 48. Qb5 h3 49. Kc2 Ka3 50. Qb3# 1-0


[Site "https://www.chess.com"]

[Event "Titled Tuesday Blitz May 4 2021"]
[White "Escobar Forero, Alder"]
[Black "Aliavdin, Nikolai"]
[WhiteFideId "4400801"]
[BlackFideId "13502883"]
[WhiteElo "2513"]
[BlackElo "2268"]
[Result "1/2-1/2"]
[Round "07"]
[TimeControl "180+1"]
[Date "2021.05.04"]
[WhiteClock "0:00:05"]
[BlackClock "0:00:05"]

1. d4 Nf6 2. Bg5 e6 3. e4 h6 4. Bxf6 Qxf6 5. Nc3 d6 6. Qd2 g5 7. O-O-O Bg7 8. h4 Bd7 9. Nf3 g4 10. e5 Qe7 11. Nh2 h5 12. f4 gxf3 13. Nxf3 Bh6 14. Ng5 Nc6 15. exd6 cxd6 16. d5 Ne5 17. dxe6 fxe6 18. Qxd6 Qxd6 19. Rxd6 Nf7 20. Rd4 Nxg5 21. hxg5 Bxg5+ 22. Kb1 Bf6 23. Rc4 Bc6 24. Ne4 O-O-O 25. Be2 Be5 26. Rxh5 Rxh5 27. Bxh5 Rh8 28. g4 Rf8 29. c3 Rf4 30. Nd2 Rf2 31. Ne4 Re2 32. Bg6 Kc7 33. Nc5 Bd5 34. Ra4 Bd6 35. Nd3 a6 36. c4 Bc6 37. Ra5 Rg2 38. c5 Bh2 39. Nb4 Rxg4 40. Nxc6 Kxc6 41. Be8+ Kc7 42. Ra3 Bg1 43. Rc3 Bd4 44. Rc2 Rg1+ 45. Rc1 Rg2 46. Rc2 Rg5 47. Bf7 e5 48. b4 Rg1+ 49. Rc1 Rg2 50. Rc2 Rg4 51. Bc4 e4 52. a3 e3 53. Ka2 Rg1 54. Re2 Rc1 55. Bd3 Rc3 56. Bc2 a5 57. bxa5 Bxc5 58. Bb3 Kd6 59. Kb2 Bd4 60. Ka2 Ke5 61. Rh2 Rd3 62. Bc4 Rd1 63. Kb3 Rb1+ 64. Ka4 Kf4 65. a6 bxa6 66. Bxa6 Rb6 67. Bb5 Kg3 68. Rc2 Kf3 69. Kb4 Rb8 70. a4 Be5 71. a5 Bd6+ 72. Ka4 Kf4 73. a6 Be5 74. Re2 Bd4 75. Rc2 Ke5 76. Rc7 Kf4 77. Re7 Kf3 78. Rf7+ Kg3 79. Rd7 Bb6 80. Rg7+ Kf2 81. Rb7 Rxb7 82. axb7 Bc7 1/2-1/2


[Site "https://www.chess.com"]

[Event "Titled Tuesday Blitz May 4 2021"]
[White "Fier, Alexandr"]
[Black "Bortnyk, Olexandr"]
[WhiteFideId "2107139"]
[BlackFideId "14120828"]
[WhiteElo "2569"]
[BlackElo "2723"]
[Result "1-0"]
[Round "07"]
[TimeControl "180+1"]
[Date "2021.05.04"]
[WhiteClock "0:01:52"]
[BlackClock "0:00:32"]

1. d4 Nf6 2. c4 b6 3. Nc3 Bb7 4. Qc2 d5 5. cxd5 Nxd5 6. e4 Nxc3 7. bxc3 e5 8. Nf3 exd4 9. Bc4 Be7 10. O-O d3 11. Bxd3 O-O 12. e5 h6 13. Be4 Qc8 14. Bf4 Nc6 15. Rfe1 Nd8 16. Nd4 Ne6 17. Nf5 Bc5 18. Bxh6 gxh6 19. Nxh6+ Kh8 20. Bxb7 Qxb7 21. Qf5 Ng7 22. Qh3 Qc6 23. Ng4+ Nh5 24. Qxh5+ Kg7 25. e6 fxe6 26. Qh6+ Kg8 27. Qg6+ Kh8 28. Re5 1-0


[Site "https://www.chess.com"]

[Event "Titled Tuesday Blitz May 4 2021"]
[White "Gabdushev, Ruslan"]
[Black "Gonzalez, Francisco Silva"]
[WhiteFideId "4137833"]
[BlackFideId "1512285"]
[WhiteElo "2312"]
[BlackElo "2159"]
[Result "1/2-1/2"]
[Round "07"]
[TimeControl "180+1"]
[Date "2021.05.04"]
[WhiteClock "0:00:03"]
[BlackClock "0:00:10"]

1. b3 d5 2. Bb2 Bg4 3. f3 Bf5 4. e4 dxe4 5. Qe2 Nc6 6. fxe4 Bg6 7. Nf3 e6 8. Nc3 a6 9. O-O-O Nd4 10. Nxd4 Qxd4 11. g4 h5 12. Bg2 O-O-O 13. g5 Qe5 14. h4 Qa5 15. Kb1 Ba3 16. Ba1 Ne7 17. Na4 e5 18. Bc3 Qb5 19. Qxb5 axb5 20. Nb2 Nc6 21. Nd3 Rhe8 22. Rhf1 Nd4 23. Bh3+ Kb8 24. Bxd4 Rxd4 25. Bf5 Re7 26. Bxg6 fxg6 27. Rde1 Ka8 28. Rf3 Ka7 29. c3 Rdd7 30. Kc2 Bd6 31. Ref1 c5 32. c4 Kb6 33. Nb2 Kc6 34. Nd1 bxc4 35. bxc4 b5 36. d3 b4 37. Ne3 Ra7 38. Kb2 Ra3 39. Nd5 Rea7 40. Ra1 b3 41. Nc3 bxa2 42. Rxa2 Rxa2+ 43. Nxa2 Rb7+ 44. Kc2 Ra7 45. Nc3 Ra1 46. Rf7 Rh1 47. Rxg7 Rxh4 48. Rxg6 Kd7 49. Nb5 Be7 50. Rg7 Rg4 51. g6 h4 52. Nc3 Ke8 53. Nd5 Rg2+ 54. Kb3 Bf8 55. Rh7 Rxg6 56. Rxh4 Rg3 57. Kc3 Bg7 58. Rh5 Kf7 59. Rf5+ Ke6 60. Nc7+ Ke7 61. Nb5 Ke6 62. Na7 Rg1 63. Rh5 Rc1+ 64. Kb2 Rd1 65. Kc2 Ra1 66. Nc6 Ra2+ 67. Kb3 Rd2 68. Kc3 Rd1 69. Rh7 Bf6 70. Na7 Ra1 71. Nb5 Rc1+ 72. Kb2 Rd1 73. Kc2 Ra1 74. Nc7+ Kd6 75. Nd5 Bd8 76. Rh6+ Kd7 77. Rh5 Kd6 78. Rh6+ Kd7 79. Rh5 Ke6 80. Rh8 Kd7 81. Rh7+ Kd6 82. Ne3 Ra2+ 83. Kb3 Rd2 84. Nf5+ Kc6 85. Rh3 Rf2 86. Rg3 Kd7 87. Rg7+ Ke6 88. Rg6+ Kd7 89. Rg7+ Ke6 90. Rg6+ Kf7 91. Rg7+ Ke6 1/2-1/2


[Site "https://www.chess.com"]

[Event "Titled Tuesday Blitz May 4 2021"]
[White "Gabriel, Robert"]
[Black "Bongo Akanga Ndjila, Barthelemy"]
[WhiteFideId "4606477"]
[BlackFideId "10609431"]
[WhiteElo "2203"]
[BlackElo "1803"]
[Result "1-0"]
[Round "07"]
[TimeControl "180+1"]
[Date "2021.05.04"]
[WhiteClock "0:00:15"]
[BlackClock "0:00:03"]

1. d4 Nf6 2. c4 b6 3. Nc3 Bb7 4. d5 e6 5. a3 exd5 6. cxd5 d6 7. e4 Be7 8. Nf3 Nfd7 9. Bd3 Bf6 10. O-O Ne5 11. Nxe5 Bxe5 12. Bd2 O-O 13. f4 Bd4+ 14. Kh1 Nd7 15. Rf3 Nc5 16. Bc2 Bc8 17. f5 Be5 18. Rh3 g6 19. Qf3 gxf5 20. Qh5 Re8 21. Qxh7+ Kf8 22. Bh6+ Ke7 23. Bg5+ Bf6 24. Bxf6+ Kxf6 25. Qh4+ Ke5 26. Qg3+ Kf6 27. Rh6+ Ke7 28. Qg5+ Kd7 29. Qxf5+ Ne6 30. Ba4+ c6 31. Bxc6+ Kc7 32. Bxa8 Nc5 33. Qxf7+ Re7 34. Qf6 Ba6 35. Bc6 Nd3 36. h3 Nf2+ 37. Kh2 Nxe4 38. Nxe4 Rxe4 39. Rh7+ Kc8 40. Qf5+ 1-0


[Site "https://www.chess.com"]

[Event "Titled Tuesday Blitz May 4 2021"]
[White "Gabrielian, Artur"]
[Black "Baglan, Esat"]
[WhiteFideId "4131002"]
[BlackFideId "6309216"]
[WhiteElo "2539"]
[BlackElo "2107"]
[Result "1-0"]
[Round "07"]
[TimeControl "180+1"]
[Date "2021.05.04"]
[WhiteClock "0:00:09"]
[BlackClock "0:00:23"]

1. d4 f5 2. h3 d5 3. Bf4 Nf6 4. e3 e6 5. Nf3 a6 6. Nbd2 c5 7. c4 Nc6 8. Be2 Be7 9. dxc5 Bxc5 10. O-O O-O 11. Rc1 Bd6 12. Bxd6 Qxd6 13. cxd5 exd5 14. Nb3 f4 15. exf4 Qxf4 16. Nbd4 Bd7 17. Nxc6 bxc6 18. Qd4 Qxd4 19. Nxd4 Rfc8 20. Rfd1 c5 21. Nb3 c4 22. Nd4 Rcb8 23. b3 cxb3 24. axb3 a5 25. Rc7 a4 26. bxa4 Rxa4 27. Bf3 Rbb4 28. Ne2 Be6 29. Re7 Bf7 30. Rc1 Rc4 31. Rb1 Rab4 32. Ra1 Ra4 33. Rd1 Kf8 34. Rb7 Ne4 35. Rdb1 Nd2 36. Rb8+ Ke7 37. R1b7+ Kf6 38. Rb6+ Kg5 39. Ng3 Ra1+ 40. Kh2 Nxf3+ 41. gxf3 Bg6 42. Rf8 Rc2 43. Kg2 Raa2 44. f4+ Kh4 45. Nh1 Be4+ 46. Kh2 Bxh1 47. Kxh1 Rxf2 48. Kg1 Rh2 49. Rf5 Rag2+ 50. Kf1 Kxh3 51. Rh5+ Kg3 52. Rg5+ Kf3 53. Rb3+ Kxf4 54. Rxg2 Rh1+ 55. Kf2 Rc1 56. Rgg3 Rc2+ 57. Kf1 g5 58. Rbf3+ Ke4 59. Rf7 h5 60. Rxg5 h4 61. Rg4+ Ke5 62. Rxh4 Rc1+ 63. Ke2 Rc2+ 64. Kd3 Ra2 65. Re7+ Kd6 66. Reh7 Ra3+ 67. Kc2 Ra2+ 68. Kb3 Re2 69. R4h6+ Kc5 70. Rc7+ Kd4 71. Rh4+ Ke5 72. Re7+ 1-0


[Site "https://www.chess.com"]

[Event "Titled Tuesday Blitz May 4 2021"]
[White "Garakov, Mikhael"]
[Black "Caputcuoglu, Zeki Berke"]
[WhiteFideId "4169034"]
[BlackFideId "34548610"]
[WhiteElo "2367"]
[BlackElo "1368"]
[Result "1-0"]
[Round "07"]
[TimeControl "180+1"]
[Date "2021.05.04"]
[WhiteClock "0:01:58"]
[BlackClock "0:00:26"]

1. e4 e5 2. Nf3 Nc6 3. Bb5 a6 4. Bxc6 dxc6 5. O-O Qd6 6. Na3 Be6 7. Qe2 f6 8. Nc4 Qd7 9. Rd1 c5 10. c3 Bg4 11. h3 Bxf3 12. Qxf3 Ne7 13. d3 Nc6 14. Ne3 Bd6 15. a3 a5 16. a4 O-O 17. Qg4 Qf7 18. Nc4 f5 19. exf5 Qxf5 20. Qxf5 Rxf5 21. Be3 Raf8 22. g3 h5 23. h4 g6 24. Kg2 Kg7 25. Nd2 Ne7 26. Ne4 Nd5 27. Bxc5 Bxc5 28. Nxc5 Rxf2+ 29. Kg1 Kh8 30. Rf1 Rxf1+ 31. Rxf1 Rxf1+ 32. Kxf1 b6 33. Nd7 Ne3+ 34. Ke2 Nd1 35. Kxd1 1-0


[Site "https://www.chess.com"]

[Event "Titled Tuesday Blitz May 4 2021"]
[White "Garcia Blanco, Omar"]
[Black "Carrasco Miranda, Andres"]
[WhiteFideId "2287153"]
[BlackFideId "3405990"]
[WhiteElo "2273"]
[BlackElo "2177"]
[Result "1-0"]
[Round "07"]
[TimeControl "180+1"]
[Date "2021.05.04"]
[WhiteClock "0:00:15"]
[BlackClock "0:00:04"]

1. e4 c5 2. c3 d5 3. exd5 Qxd5 4. d4 g6 5. Nf3 Bg7 6. Na3 cxd4 7. Bc4 Qe4+ 8. Be3 Nh6 9. cxd4 O-O 10. Nb5 Nc6 11. Nc3 Qg4 12. h3 Qh5 13. Be2 Nf5 14. Bd2 Nh4 15. d5 Ne5 16. Nxh4 Qxh4 17. O-O Bxh3 18. gxh3 Qxh3 19. Bf4 Rad8 20. Re1 g5 21. Bg3 g4 22. Bf1 Qh5 23. Bg2 Nf3+ 24. Bxf3 gxf3 25. Re3 e6 26. Qxf3 Qg6 27. dxe6 fxe6 28. Qe4 Qh5 29. Qxe6+ Kh8 30. Kg2 Rd2 31. Re2 Qf3+ 32. Kg1 Bd4 33. Be5+ Bxe5 34. Qxe5+ Rf6 35. Rxd2 Qg4+ 36. Qg3 Qf5 37. Rd8+ 1-0


[Site "https://www.chess.com"]